 Dungeon Crawl Stone Soup version 0.29-a0-96-g93358da72b (webtiles) character file.

Game seed: 15810544936772365311

9 drugrobin the Grasshopper (level 1, 0/17 HPs)
             Began as a Demigod Warper on Feb 11, 2022.
             Slain by a goblin (4 damage)
             ... on level 1 of the Dungeon.
             The game lasted 00:00:32 (155 turns).

drugrobin the Grasshopper (Demigod Warper)           Turns: 155, Time: 00:00:32

Health: 0/17       AC:  3    Str: 12    XL:     1   Next: 86%
Magic:  5/5        EV: 11    Int: 15    God:
Gold:   0          SH:  0    Dex: 13    Spells: 3/3 levels left

rFire   . . .      SeeInvis .   a - +0 spear
rCold   . . .      Faith    .   (no shield)
rNeg    . . .      Spirit   .   b - +0 leather armour
rPois   .          Reflect  .   (no helmet)
rElec   .          Harm     .   (no cloak)
rCorr   .          Rampage  .   (no gloves)
Will    .....                   (no boots)
Stlth   +.........              (no amulet)
HPRegen 0.05/turn               (no ring)
MPRegen 0.09/turn               (no ring)

@: no status effects
A: high MP 1, forlorn, divine attributes
a: no special abilities


You were on level 1 of the Dungeon.
You visited 1 branch of the dungeon, and saw 1 of its levels.

Inventory:

Hand Weapons
 a - a +0 spear (weapon)
Missiles
 d - 5 boomerangs of dispersal (quivered)
Armour
 b - a +0 leather armour (worn)
Scrolls
 c - a scroll of blinking


   Skills:
 - Level 1.9 Fighting
 + Level 1.9 Polearms
 - Level 1.0 Throwing
 - Level 1.0 Armour
 - Level 1.9 Dodging
 - Level 1.9 Spellcasting
 - Level 2.7 Translocations


You had 3 spell levels left.
You didn't know any spells.
Your spell library contained the following spells:

 Spells                   Type           Power      Damage    Failure   Level
 Blink                    Tloc           18%        N/A       14%         2
 Gell's Gravitas          Tloc           9%         N/A       26%         3
 Lesser Beckoning         Tloc           9%         N/A       26%         3
 Teleport Other           Tloc           9%         N/A       26%         3
 Manifold Assault         Tloc           9%         N/A       94%         5


Dungeon Overview and Level Annotations

Branches:
Dungeon (1/15)


Innate Abilities, Weirdness & Mutations

You have an increased reservoir of magic. (+10% MP)
You shall have no god before yourself.
Your divine heritage dramatically boosts your attributes as you level up.


Message History

The quokka bites you but does no damage.
The bat hits you but does no damage. The bat closely misses you.
The quokka bites you but does no damage.
The bat barely misses you. The bat barely misses you.
The bat hits you but does no damage. The bat hits you. The bat hits you.
The bat barely misses you. The bat hits you but does no damage.
There is an open door here.
The bat hits you but does no damage. The bat barely misses you.
You barely miss the bat. The bat hits you but does no damage.
The quokka barely misses you.
You miss the quokka. The bat closely misses you.
The quokka twitches its whiskers.
The quokka closely misses you. The bat barely misses you.
You completely miss the quokka. The bat hits you but does no damage.
The quokka closely misses you.
You closely miss the quokka. The bat closely misses you.
The quokka closely misses you. The goblin hits you with a +0 club.
You closely miss the quokka. The bat hits you but does no damage.
The quokka twitches its whiskers.
The quokka bites you. The goblin barely misses you.
The quokka bites you but does no damage.
You hit the goblin.
The goblin is heavily wounded.
The bat hits you but does no damage. The quokka bites you.
The goblin hits you with a +0 club.
You closely miss the goblin.
The goblin is heavily wounded.
The bat barely misses you. The quokka bites you.
* * * LOW HITPOINT WARNING * * *
The goblin hits you but does no damage.
You closely miss the goblin.
The goblin is heavily wounded.
The bat closely misses you. The bat barely misses you.
The quokka barely misses you. The goblin hits you with a +0 club.
You die...

≈ #≈≈≈≈≈≈≈≈≈≈≈ ≈#
##≈≈≈≈≈≈≈≈≈≈≈
..##+##≈≈≈≈≈≈≈≈≈≈≈
.......≈≈≈≈≈≈≈≈≈≈
........≈≈≈≈≈≈≈#####
........≈≈≈≈≈≈##...##
≈≈.......≈≈≈..#b....#
≈≈≈≈≈(........'r@<>.#
≈≈≈≈≈≈........#g....#
≈≈≈≈≈≈≈......≈##...##
≈≈≈≈≈≈≈....≈≈≈≈#####
≈≈≈≈≈≈≈...≈≈≈≈≈≈≈≈≈≈≈≈
≈≈≈≈≈≈≈≈..≈≈≈≈≈≈≈≈≈≈≈≈
≈≈≈≈≈≈≈≈..≈≈≈≈≈≈≈≈≈≈≈≈
≈≈≈≈≈≈≈....≈≈≈≈≈≈≈≈≈≈≈
≈≈##+##≈≈≈≈≈≈≈≈≈≈


You could see a quokka, a goblin and a bat.

Vanquished Creatures
  A gnoll (D:1)
1 creature vanquished.

Notes
Turn   | Place    | Note
-------+----------+-------------------------------------------
     0 | D:1      | drugrobin the Demigod Warper began the quest for the Orb.
     0 | D:1      | Reached XP level 1. HP: 17/17 MP: 5/5
    21 | D:1      | Reached skill level 1 in Throwing
    21 | D:1      | Reached skill level 1 in Armour
   155 | D:1      | Slain by a goblin

Illustrated notes

Levels and vault maps discovered:
D:1:      minmay_arrival_shoal_huts, layout_rooms, serial_shops, shop

Skill      XL: |  1 |
---------------+----+-----
Throwing       | 1 |  1.0
Armour         | 1 |  1.0
Fighting       | |  1.9
Polearms       | |  1.9
Dodging        | |  1.9
Spellcasting   | |  1.9
Translocations | |  2.7

Action                   || total
-------------------------++-------
Melee: Spear             ||    16
Armor: Leather armour    ||    14
Dodge: Dodged            ||    23

Table legend: (Time is in decaauts)
 A = Elapsed time spent in this place.
 B = Non-inter-level travel time spent in this place.
 C = Inter-level travel time spent in this place.
 D = Time resting spent in this place.
 E = Time spent auto-exploring this place.
 F = Levels seen in this place.
 G = Mean time per level.
                   A        B        C        D        E       F      G
               +--------+--------+--------+--------+--------+-----+--------+
         Total |    157 |    157 |      0 |     98 |     10 |   1 |  157.0 |
       Dungeon |    157 |    157 |      0 |     98 |     10 |   1 |  157.0 |
               +--------+--------+--------+--------+--------+-----+--------+

Top non-repeatable levels by time:
     D:1: 157 daAuts
